 Dungeon Crawl Stone Soup version 0.24.1-14-gf8d2b509d9 (webtiles) character file.

Game seed: 9535171457530067439, levelgen mode: deterministic

55 Mickster the Charmwright (level 3, -1/29 HPs)
             Began as a Demigod Skald on Feb 10, 2023.
             Killed from afar by Ijyb (6 damage)
             ... with a puff of flame
             ... on level 3 of the Dungeon.
             The game lasted 00:22:48 (1546 turns).

Mickster the Charmwright (Demigod Skald)            Turns: 1546, Time: 00:22:54

Health: -1/29      AC:  5    Str: 15 (16) XL:     3   Next: 45%
Magic:  7/8        EV: 14    Int: 17      God:
Gold:   63         SH:  7    Dex: 13 (15) Spells: 5/6 levels left

rFire    . . .     SeeInvis .   a - +0 falchion
rCold    . . .     Gourm    .   j - +0 shield
rNeg     . . .     Faith    .   i - +0 ring mail
rPois    .         Spirit   .   (no helmet)
rElec    .         Reflect  .   (no cloak)
rCorr    .         Harm     .   (no gloves)
MR       .....                  (no boots)
Stlth    +.........             (no amulet)
HPRegen  0.09/turn              g - +6 ring of evasion
MPRegen  0.11/turn              (no ring)

@: very slightly contaminated
A: high mp 1
a: no special abilities


You were on level 3 of the Dungeon.
You were not hungry.

You visited 1 branch of the dungeon, and saw 3 of its levels.

You collected 63 gold pieces.

Inventory:

Hand Weapons
 a - a +0 falchion (weapon)
 f - a +0 hunting sling
 m - a +0 whip
Missiles
 c - 58 stones
 e - 32 arrows (quivered)
Armour
 b - a +1 leather armour
 i - a +0 ring mail (worn)
 j - a +0 shield (worn)
Jewellery
 g - a +6 ring of evasion (left hand)
Scrolls
 l - a scroll of blinking
Potions
 h - a potion of resistance {unknown}
 k - a potion of curing {unknown}
Comestibles
 d - 2 rations


   Skills:
 + Level 1.9 Fighting
 * Level 2.4 Long Blades
 + Level 1.1 Armour
 + Level 1.9 Dodging
 + Level 2.1 Spellcasting
 * Level 3.4 Charms


You had 5 spell levels left.
You knew the following spells:

 Your Spells              Type           Power        Failure   Level  Hunger
a - Infusion              Chrm           ##..         54%         1    #......

Your spell library contained the following spells:

 Spells                   Type           Power        Failure   Level  Hunger
 Song of Slaying          Chrm           ##......     69%         2    ###....
 Shroud of Golubria       Chrm/Tloc      #.....       90%         2    ###....
 Regeneration             Chrm/Necr      #.........   99%         3    ###....
 Spectral Weapon          Hex/Chrm       #.......     99%         3    ###....


Dungeon Overview and Level Annotations

Branches:
Dungeon (3/15)

Annotations:
D:3 Ijyb


Innate Abilities, Weirdness & Mutations

You have an increased reservoir of magic. (+10% MP)


Message History

You block the leopard gecko's attack.
You hit Ijyb but do no damage. The kobold closely misses you.
You riposte.
You barely miss the kobold.
Ijyb zaps a wand.
The puff of flame hits you.
* * * LOW HITPOINT WARNING * * *
The leopard gecko hisses menacingly.
You block the leopard gecko's attack. The kobold closely misses you.
You hit Ijyb but do no damage. The leopard gecko closely misses you.
Ijyb completely misses you. The kobold closely misses you.
Ijyb zaps a wand.
You block the puff of flame. The leopard gecko bites you.
* * * LOW HITPOINT WARNING * * *
Your shield prevents you from hitting Ijyb.
The leopard gecko misses you. The kobold barely misses you.
You block Ijyb's attack. The leopard gecko misses you.
Casting: Infusion (safe; 54% risk of failure)
Confirm with . or Enter, or press ? or * to list all spells.
You miscast Infusion.
You are very lightly contaminated with residual magic.
Your skin glows momentarily.
You block the kobold's attack.
Ijyb zaps a wand.
The puff of flame hits you.
You die...

#...........######..
####>...........<.^.#
..#.#######........#
## #.#[# #####.....
.. ##.#.# ##....
###.##..<.# ##.#
.......#..# .#
#.##>.l######## #
#.#.###.#@g......
#......K.#######
#.#..###### .... ###


You could see Ijyb, a leopard gecko and a kobold.

Vanquished Creatures
  2 gnolls
  An adder (D:3)
  A leopard gecko (D:1)
  3 giant cockroaches
  2 hobgoblins (D:2)
  A kobold (D:3)
  A quokka (D:2)
  2 ball pythons
  A bat (D:2)
  5 frilled lizards
  3 goblins
  7 rats
29 creatures vanquished.

Notes
Turn   | Place    | Note
-------+----------+-------------------------------------------
     0 | D:1      | Mickster the Demigod Skald began the quest for the Orb.
     0 | D:1      | Reached XP level 1. HP: 17/17 MP: 5/5
    55 | D:1      | Reached skill level 3 in Charms
   169 | D:1      | Reached XP level 2. HP: 9/24 MP: 7/7
   586 | D:2      | Reached skill level 1 in Armour
   962 | D:2      | Found a shimmering altar of Xom.
   962 | D:2      | Found a shimmering altar of Xom.
   963 | D:2      | Found a shimmering altar of Xom.
   965 | D:2      | Found a shimmering altar of Xom.
  1117 | D:2      | Found a shimmering altar of Xom.
  1176 | D:2      | Reached XP level 3. HP: 19/29 MP: 8/8
  1534 | D:3      | Noticed Ijyb
  1546 | D:3      | Killed from afar by Ijyb

Levels and vault maps discovered:
D:1:      ncdulo_lavacross, layout_basic, minmay_tall_x
D:2:      minmay_alternating_diamond, layout_loops_corners, xom_redecorated
D:3:      layout_loops_ring, first_ration, st_stairs_6, minivault_5, uniq_ijyb,
          uniq_crazy_yiuf_cottage, uniq_robin

Skill      XL: |  1  2 |
---------------+-------+-----
Charms         | 3 |  3.4
Long Blades    | 2 |  2.4
Armour         | 1 |  1.1
Spellcasting   | 2 |  2.1
Fighting       | |  1.9
Dodging        | |  1.9

Action                   || total
-------------------------++-------
Melee: Falchion          ||    83
 Cast: Infusion          ||     1
  Use: Scroll            ||     6
       Potion            ||     2
  Eat: Ration            ||     1
Armor: Leather armour    ||     8
       Ring mail         ||    13
Dodge: Dodged            ||   103
Block: Shield            ||    36
       Rpst.: Falchion   ||    34
